 Dungeon Crawl Stone Soup version 0.26.1 (webtiles) character file.

Game seed: 5597990376874808341

31 Descartes the Sneak (level 3, -3/17 HPs)
             Began as a Felid Delver on Feb 5, 2021.
             Slain by a scorpion (10 damage)
             ... on level 4 of the Dungeon.
             The game lasted 00:01:13 (113 turns).

Descartes the Sneak (Felid Delver)                   Turns: 113, Time: 00:01:13

Health: -3/17      AC:  1    Str:  8    XL:     3   Next: 7%
Magic:  4/4        EV: 18    Int: 12    God:
Gold:   0          SH:  0    Dex: 17    Spells: 2/2 levels left
                                        Lives:  0   Deaths: 0

rFire    . . .     SeeInvis +     - Unarmed
rCold    . . .     Faith    .   (shield unavailable)
rNeg     . . .     Spirit   .   (armour unavailable)
rPois    .         Reflect  .   (helmet unavailable)
rElec    .         Harm     .   (cloak unavailable)
rCorr    .         Rampage  .   (gloves unavailable)
Will     .....                  (boots unavailable)
Stlth    ++++......             (no amulet)
HPRegen  0.05/turn              (no ring)
MPRegen  0.09/turn              (no ring)

@: quick
A: very small, no armour, no weapons or thrown items, stealth, claws 1, fangs 3,
see invisible, speed 1, shaggy fur 1, sharp paws
a: no special abilities


You were on level 4 of the Dungeon.
You visited 1 branch of the dungeon, and saw 2 of its levels.

Inventory:

Wands
 e - a wand of digging (3)
Scrolls
 a - a scroll of fog
 b - a scroll of magic mapping
 c - a scroll of fear
Potions
 d - a potion of haste
 f - a potion of flight {unknown}
 g - a potion of cancellation {unknown}


   Skills:
 + Level 3.2 Fighting
 + Level 2.7 Dodging
 + Level 7.6 Stealth
 + Level 2.1 Unarmed Combat


You had 2 spell levels left.
You didn't know any spells.
Your spell library was empty.

Dungeon Overview and Level Annotations

Branches:
Dungeon (5/15)
 Temple: D:4-7

Altars:


Innate Abilities, Weirdness & Mutations

You cannot wear armour.
You are incapable of wielding weapons or throwing items.
Your paws allow you to move quietly. (Stealth)
You have sharp claws.
You have razor-sharp teeth.
You have supernaturally acute eyesight. (SInv)
You cover ground quickly.
You are covered in fur. (AC +1)
Your sharp claws are effective at attacking unaware monsters.


Message History

The orc priest completely misses you. The orc barely misses you.
The orc hits you but does no damage.
You scratch the orc priest.
You bite the orc priest, but do no damage.
The orc priest is severely wounded.
The orc priest hits you. The orc misses you. x2
You completely miss the orc priest.
The orc priest is severely wounded.
The orc priest hits you. The orc misses you. The orc closely misses you.
You closely miss the orc priest.
The orc priest is severely wounded.
The orc priest misses you. The scorpion closely misses you.
The orc hits you with a +0 falchion.
You scratch the orc priest.
The orc priest is severely wounded.
The orc hits you with a +0 hand axe. The orc priest misses you.
The scorpion completely misses you. The scorpion stings you!
Ouch! That really hurt!
You die...

#......... ####.#########+#
####### #........# #...
#...... #.##.###.# #...
#...... #.##.# #.# #...
#......#####.##.###.####.(.
+......+...................
#......#####.#.............
.......oo.@.....#..........
#.....Bo.s...#..#.....##...
###...##.#####..#.....##...
.........# .#..........
#...#..#.# ......##.... ...
#..#.# ............. ## ...
#.# ...##........ #.#. #.#
... ##....... .... ...
.....(..


You could see a scorpion, a worker ant, an orc priest and 2 orcs.

Vanquished Creatures
  An adder (D:5)
  A howler monkey skeleton (D:5)
  A white imp (D:5)
  An orc (D:4)
  A giant cockroach (D:4)
  A frilled lizard (D:4)
6 creatures vanquished.

Notes
Turn   | Place    | Note
-------+----------+-------------------------------------------
     0 | D:5      | Descartes the Felid Delver began the quest for the Orb.
     0 | D:5      | Reached XP level 1. HP: 10/10 MP: 2/2
     7 | D:5      | Reached skill level 7 in Stealth
     7 | D:5      | Reached XP level 2. HP: 14/14 MP: 3/3
    39 | D:4      | Reached XP level 3. HP: 17/17 MP: 4/4
   100 | D:4      | Noticed a scorpion
   113 | D:4      | Slain by a scorpion

Illustrated notes

Levels and vault maps discovered:
D:4:      layout_basic, evilmike_ruin_ashenzari
D:5:      layout_loops_corners, hex_medium, grunt_ministairs_12

Skill      XL: |  1 |
---------------+----+-----
Stealth        | 7 |  7.6
Fighting       | |  3.2
Dodging        | |  2.7
Unarmed Combat | |  2.1

Action                   || total
-------------------------++-------
Melee: Unarmed           ||    17
       Bite              ||     3
 Stab: Sleeping          ||     5
Dodge: Dodged            ||    16
